 Dungeon Crawl Stone Soup version 0.26.1-11-gd32895ea62 (webtiles) character file.

Game seed: 12034716013567413678

22281 WWES1 the Cleaver (level 12, -3/110 HPs)
             Began as a Hill Orc Monk on July 21, 2021.
             Was a Priest of Beogh.
             Slain by a red devil
             ... wielding a +0 trident
             ... summoned by a kobold demonologist
              (10 damage)
             ... on level 12 of the Dungeon.
             The game lasted 00:37:48 (33959 turns).

WWES1 the Cleaver (Hill Orc Monk)                  Turns: 33959, Time: 00:37:49

Health: -3/110     AC: 17    Str: 19    XL:     12   Next: 98%
Magic:  12/12      EV:  5    Int: 10    God:    Beogh [***...]
Gold:   858        SH:  0    Dex: 13    Spells: 11/11 levels left

rFire    . . .     SeeInvis .   a - +3 war axe
rCold    . . .     Faith    .   x - +0 kite shield
rNeg     . . .     Spirit   .   h - +0 plate armour
rPois    .         Reflect  .   m - +0 helmet
rElec    .         Harm     .   i - +1 cloak
rCorr    .         Rampage  .   j - +2 pair of gloves
Will     .....                  o - +0 pair of boots
Stlth    ..........             (no amulet)
HPRegen  0.28/turn              (no ring)
MPRegen  0.13/turn              (no ring)

@: confused, lethally poisoned (-3 -> -12), weakened
A: no striking features
a: Renounce Religion, Smiting


You were on level 12 of the Dungeon.
You worshipped Beogh.
Beogh was most pleased with you.
You visited 2 branches of the dungeon, and saw 14 of its levels.
You also visited: Sewer and Ossuary.

You collected 1026 gold pieces.
You spent 168 gold pieces at shops.

Inventory:

Hand Weapons
 a - a +3 war axe (weapon)
Missiles
 e - 418 stones (quivered)
 f - 22 boomerangs
 y - 20 poisoned darts
Armour
 h - a +0 plate armour (worn)
 i - a +1 cloak (worn)
 j - a +2 pair of gloves (worn)
 m - a +0 helmet (worn)
 o - a +0 pair of boots (worn)
 x - a +0 kite shield (worn)
Wands
 n - a wand of random effects (37)
 q - a wand of flame (11)
 r - a wand of digging (3)
 A - a wand of polymorph (8)
 D - a wand of disintegration (6)
Scrolls
 g - 7 scrolls of remove curse
 p - 2 scrolls of magic mapping
Potions
 c - 3 potions of flight
 d - a potion of magic
 k - a potion of ambrosia
 t - a potion of cancellation {unknown}
 u - 2 potions of degeneration {unknown}
 v - a potion of resistance {unknown}
 z - 2 potions of brilliance {unknown}
 B - 2 potions of heal wounds {unknown}


   Skills:
 + Level 11.5 Fighting
 * Level 14.8 Axes
 * Level 11.9 Throwing
 + Level 7.3 Dodging
 - Level 1.6 Stealth


You had 11 spell levels left.
You didn't know any spells.
Your spell library contained the following spells:

 Spells                   Type           Power        Failure   Level
 Animate Skeleton         Necr           0%           100%        1
 Apportation              Tloc           0%           100%        1
 Pain                     Necr           0%           100%        1
 Lesser Beckoning         Tloc           0%           100%        3
 Tukima's Dance           Hex            0%           100%        3
 Vampiric Draining        Necr           0%           100%        3
 Animate Dead             Necr           0%           100%        4
 Leda's Liquefaction      Hex/Erth       0%           100%        4
 Agony                    Necr           0%           100%        5
 Alistair's Intoxication  Tmut/Pois      0%           100%        5
 Bolt of Magma            Conj/Fire/Erth 0%           100%        5
 Invisibility             Hex            0%           100%        6
 Iron Shot                Conj/Erth      0%           100%        6
 Statue Form              Tmut/Erth      0%           100%        6
 Shatter                  Erth           0%           100%        9


Dungeon Overview and Level Annotations

Branches:
Dungeon (13/15)            Temple (1/1) D:6            Lair (0/6) D:10
    Orc (0/2) D:10          Sewer (visited)         Ossuary (visited)
 Vaults: D:13-14

Altars:
Ashenzari
Cheibriados
Dithmenos
Elyvilon
Fedhas
Gozag
Hepliaklqana
Kikubaaqudgha
Makhleb
Nemelex Xobeh
Okawaru
Qazlal
Ru
Sif Muna
Trog
Uskayaw
Vehumet
Wu Jian
Xom
Yredelemnul
Zin
The Shining One

Shops:
D:4 [   D:13 }

Annotations:
D:4 1 runed translucent door, JBAR's ghost, amateur GnFi
D:5 2 transporters
D:7 1 exclusion
D:12 Nergalle


Message History

The orange demon stings you but does no damage.
You bump into the rock wall.
You feel sick.
The kobold demonologist hits you but does no damage.
The red devil hits you from afar with a +0 trident!
* * * LOW HITPOINT WARNING * * *
The orange demon stings you from afar.
* * * LOW HITPOINT WARNING * * *
Unknown command.
You're too confused to move!
You feel sick.
The kobold demonologist hits you but does no damage.
The red devil hits you from afar with a +0 trident.
* * * LOW HITPOINT WARNING * * *
The orange demon stings you but does no damage.
Unknown command.
You feel sick.
The kobold demonologist hits you but does no damage.
The orange demon stings you from afar!
* * * LOW HITPOINT WARNING * * *
The red devil hits you from afar with a +0 trident!
You die...

.#........#......)...............
.#........#......................
.#........#...........(..>.).....
.#........########......)........
.#...............#.....(.........
.#####'###.......#....##(..####..
.........#.......#.[.)##...####..
.........#.......#4)>...)....#<†.
.........'......@K4).........'...
.........#.......####'##.....#...
.........#.......#....##...####..
###.##...#.......#....#########..
.#####...#.......#.........#.....
.#.......#.......'.........#.....
.#.......#.......#.........#.....
.+.......#.......#.........#.....
.##.....##.......#.##.##...####'#


You could see an orange demon (summoned), a kobold demonologist and a red devil
(summoned).

Vanquished Creatures
  Azrael (D:12)
  Harold (D:10)
  2 boulder beetles
  4 two-headed ogres
  A catoblepas (D:12)
  4 skeletal warriors (D:12)
  A deep elf mage (D:13)
  An ugly thing (D:12)
  2 cyclopes
  Maurice (D:10)
  2 gargoyles
  3 kobold demonologists
  A komodo dragon (D:10)
  A jumping spider (shapeshifter) (D:11)
  2 trolls
  A hornet (D:8)
  A wraith (D:11)
  Eustachio (D:5)
  8 yaks (D:12)
  2 fire elementals (D:11)
  Edmund (D:5)
  A warg (D:9)
  3 acid dragons
  3 hell hounds (D:11)
  5 phantoms
  6 sky beasts
  4 ice beasts
  4 orc warriors
  A necrophage (D:9)
  11 ogres
  8 centaurs
  5 big kobolds
  7 bullfrogs
  A wyvern skeleton (D:13)
  2 scorpions
  10 killer bees
  4 wights
  2 howler monkeys
  A gnoll shaman (D:4)
  3 jellies
  3 bullfrog skeletons
  6 orc priests
  4 bullfrog zombies
  12 hounds
  4 orc wizards
  An iguana (D:6)
  Jessica (D:2)
  Ijyb (D:4)
  15 worker ants
  A killer bee zombie (D:9)
  A hound skeleton (D:4)
  A mummy (D:4)
  Robin (D:2)
  A howler monkey zombie (D:11)
  2 worker ant zombies (D:9)
  9 adders
  2 shadow imps (D:9)
  A white imp (D:9)
  An ooze (D:1)
  An adder skeleton (D:6)
  7 worms
  3 dart slugs
  9 leopard geckos
  41 orcs
  11 giant cockroaches
  10 goblins
  11 hobgoblins
  9 jackals
  5 quokkas
  8 ball pythons
  8 bats
  9 frilled lizards
  A gnoll zombie (Ossuary)
  2 goblin zombies (D:4)
  A hobgoblin zombie (Ossuary)
  4 kobolds
  3 kobold zombies (Ossuary)
  A leopard gecko zombie (D:5)
  2 orc zombies (Ossuary)
  6 rats
341 creatures vanquished.

Vanquished Creatures (collateral kills)
  2 yaks (D:12)
  A fire elemental (D:12)
  A steam dragon (D:12)
  A sky beast (D:12)
  6 big kobolds (D:11)
  An orc (D:11)
  3 kobolds (D:11)
15 creatures vanquished.

Vanquished Creatures (others)
  Nergalle (D:12)
  An orc warrior (D:12)
  An orc wizard (D:12)
  5 orcs
  14 plants
22 creatures vanquished.

Grand Total: 378 creatures vanquished

Notes
Turn   | Place    | Note
-------+----------+-------------------------------------------
     0 | D:1      | WWES1 the Hill Orc Monk began the quest for the Orb.
     0 | D:1      | Reached XP level 1. HP: 19/19 MP: 1/1
   398 | D:1      | Reached XP level 2. HP: 24/27 MP: 2/2
   410 | D:1      | Reached skill level 1 in Throwing
   626 | D:1      | Reached XP level 3. HP: 24/33 MP: 3/3
  1687 | D:2      | Noticed Robin
  1921 | D:2      | Killed Robin
  1922 | D:2      | Reached XP level 4. HP: 26/41 MP: 4/4
  2117 | D:2      | Noticed Jessica
  2142 | D:2      | Killed Jessica
  2477 | D:2      | Reached XP level 5. HP: 44/47 MP: 5/5
  3090 | D:3      | Reached skill level 5 in Fighting
  4204 | D:4      | Reached XP level 6. HP: 33/56 MP: 6/6
  4342 | D:4      | Found a sand-covered staircase.
  4357 | Ossuary  | Entered an ossuary
  4995 | D:4      | Noticed a phantom
  5167 | D:4      | Found Qelig's Antique Armour Emporium.
  5175 | D:4      | Bought a runed scarf for 168 gold pieces
  5291 | D:4      | Found a runed translucent door.
  5294 | D:4      | Noticed JBAR's ghost (amateur GnFi)
  5727 | D:4      | Noticed Ijyb
  5973 | D:4      | Became a worshipper of Beogh the Brigand
  5973 | D:4      | Reached * piety under Beogh
  5973 | D:4      | Reached ** piety under Beogh
  6396 | D:4      | Killed Ijyb
  6397 | D:4      | Reached skill level 5 in Throwing
  6397 | D:4      | Reached XP level 7. HP: 63/63 MP: 7/7
  6604 | D:5      | Entered Level 5 of the Dungeon
  6811 | D:5      | Found a glowing drain.
  6835 | Sewer    | Entered a sewer
  8069 | D:5      | Reached skill level 5 in Axes
  8069 | D:5      | Reached XP level 8. HP: 60/71 MP: 8/8
  8164 | D:5      | Noticed Eustachio
  8208 | D:5      | Killed Eustachio
  8488 | D:5      | Found a burning altar of Makhleb.
  8522 | D:5      | Found a transporter.
  8526 | D:5      | Noticed Edmund
  8575 | D:5      | Killed Edmund
  8863 | D:5      | Found a transporter.
  9859 | D:5      | Reached skill level 6 in Axes
 11027 | D:6      | Reached skill level 7 in Axes
 11276 | D:6      | Reached XP level 9. HP: 79/79 MP: 9/9
 12162 | D:6      | Found a staircase to the Ecumenical Temple.
 12240 | Temple   | Entered the Ecumenical Temple
 12388 | D:7      | Found a stormy altar of Qazlal.
 12684 | D:7      | Found a sacrificial altar of Ru.
 12684 | D:7      | Found a stormy altar of Qazlal.
 12684 | D:7      | Found a shadowy altar of Dithmenos.
 12684 | D:7      | Found a white marble altar of Elyvilon.
 12691 | D:7      | Found a sparkling altar of Nemelex Xobeh.
 12691 | D:7      | Found a broken altar of Ashenzari.
 13046 | D:7      | Reached skill level 8 in Axes
 13245 | D:7      | Noticed a gargoyle
 13852 | D:8      | Found an iron altar of Okawaru.
 14014 | D:9      | Noticed a two-headed ogre
 14193 | D:9      | Noticed a two-headed ogre
 14509 | D:8      | Reached skill level 9 in Axes
 15568 | D:9      | Reached XP level 10. HP: 52/90 MP: 10/10
 15697 | D:9      | Killed a two-headed ogre
 15698 | D:9      | Reached skill level 10 in Axes
 15799 | D:9      | Paralysed by a hornet for 3 turns
 15801 | D:9      | HP: 3/90 [hornet (6)]
 16578 | D:8      | Paralysed by a hornet for 3 turns
 16582 | D:8      | Paralysed by a hornet for 2 turns
 16583 | D:8      | HP: 3/90 [hornet (11)]
 17187 | D:9      | Killed a two-headed ogre
 17188 | D:9      | Reached skill level 5 in Dodging
 17199 | D:9      | Found a hide-covered altar of Uskayaw.
 17657 | D:10     | Entered Level 10 of the Dungeon
 17660 | D:10     | Found a staircase to the Orcish Mines.
 18512 | D:10     | Reached skill level 11 in Axes
 18699 | D:10     | Found a staircase to the Lair.
 18979 | D:10     | Noticed a gargoyle
 19637 | D:9      | Killed a gargoyle
 19638 | D:9      | Reached XP level 11. HP: 87/97 MP: 11/11
 19720 | D:10     | Noticed a two-headed ogre
 19720 | D:10     | Noticed a cyclops
 19752 | D:9      | Killed a two-headed ogre
 21985 | D:9      | Reached skill level 10 in Throwing
 22151 | D:10     | Reached skill level 12 in Axes
 22400 | D:11     | Noticed Harold
 22418 | D:11     | Noticed Maurice
 22434 | D:11     | Paralysed by something for 6 turns
 22445 | D:11     | Reached *** piety under Beogh
 22506 | D:10     | Killed a cyclops
 22507 | D:10     | Reached skill level 10 in Fighting
 22742 | D:11     | Noticed a boulder beetle
 22762 | D:10     | Paralysed by something for 5 turns
 23174 | D:11     | Noticed Nergalle
 23670 | D:10     | Killed Harold
 23940 | D:10     | Killed a boulder beetle
 26145 | D:12     | Noticed a two-headed ogre
 26159 | D:12     | Killed a two-headed ogre
 26160 | D:12     | Reached skill level 13 in Axes
 26577 | D:12     | Reached XP level 12. HP: 68/107 MP: 12/12
 26727 | D:12     | Noticed Azrael
 26741 | D:12     | Your ally died
 27170 | D:11     | Reached **** piety under Beogh
 27900 | D:10     | Killed Maurice
 28203 | D:12     | Noticed a boulder beetle
 29156 | D:12     | Killed Azrael
 30359 | D:13     | Found Wueddick's Gadget Shoppe.
 30370 | D:13     | Found a shimmering blue altar of Sif Muna.
 30382 | D:12     | Reached skill level 14 in Axes
 30895 | D:12     | Killed a boulder beetle
 31661 | D:13     | Noticed a catoblepas
 32232 | D:12     | Killed a catoblepas
 32564 | D:13     | Noticed a sun demon
 33432 | D:12     | Noticed a soul eater
 33959 | D:12     | Slain by a red devil

Illustrated notes

Levels and vault maps discovered:
D:1:      elethiomel_arrival_infinity_welcomes_careful_drivers, layout_basic
D:2:      layout_loops_ring, uniq_robin, uniq_jessica
D:3:      layout_basic
D:4:      minmay_opposing_rooms, layout_cave_pools, ebering_ghost_sewer_d,
          serial_shops, nicolae_shop_behind_doors, nicolae_ossuary_entry_giza,
          serial_forest, infiniplex_forest_straight_3, infiniplex_forest_end_2,
          infiniplex_forest_zigzag_1, infiniplex_forest_end_3,
          infiniplex_forest_straight_1, infiniplex_forest_clump_small,
          infiniplex_forest_pool, uniq_ijyb
D:5:      gammafunk_wand_slinger, layout_basic, nicolae_overflow_crystal_walls,
          portal_sewer_entry_f, kennysheep_generic_room_9, uniq_eustachio,
          uniq_edmund
D:6:      layout_loops_corners, temple_hall, minmay_quadrilaterals
D:7:      minmay_chambers_of_fours, layout_rooms, minmay_overflow_temple_hex,
          basic_altar
D:8:      layout_cave_pools, general_overflow_altar
D:9:      cheibrodos_ideogram_h, layout_cave_pools,
          eat_drink_and_be_merry_uskayaw
D:10:     minmay_the_grid_net [minmay_the_grid_minigrid_small,
          minmay_the_grid_minigrid_small_alt, minmay_the_grid_outer_circle,
          minmay_the_grid_outer_diamond, minmay_the_grid_all_tris,
          minmay_the_grid_prize_big_room], layout_rooms, david_lair_shrubbed,
          david_orc_3
D:11:     layout_loops_ring, special_room [special_room_kobold],
          gauntlet_entry_generic, uniq_harold, uniq_maurice, uniq_nergalle
D:12:     layout_gridville, uniq_azrael
D:13:     layout_cross, erik_vaults_2, basic_altar, serial_shops, shop
Temple:   dshaligram_water_room_temple

Skill      XL: |  1  2  3  4  5  6  7  8  9 10 11 12 |
---------------+-------------------------------------+-----
Throwing       | 1 2 3 4 5 6 7 8 9 10 11 | 11.9
Fighting       | 4 5 6 7 8 9 10 11 | 11.5
Axes           | 5 7 9 11 13 14 | 14.8
Dodging        | 3 4 5 6 7 |  7.3
Stealth        | |  1.6

Action                   |  1- 3 |  4- 6 |  7- 9 | 10-12 || total
-------------------------+-------+-------+-------+-------++-------
Melee: Hand axe          |   116 |   297 |   684 |       ||  1097
       War axe           |       |       |    80 |   859 ||   939
Throw: Stone             |     6 |    68 |       |       ||    74
       Dart              |       |       |       |    25 ||    25
       Throwing net      |       |       |       |     1 ||     1
Invok: Convert to Beogh  |       |     1 |       |       ||     1
       Smiting           |       |       |     7 |    10 ||    17
Evoke: Wand              |       |     2 |     4 |    29 ||    35
  Use: Scroll            |       |     3 |    11 |    17 ||    31
       Potion            |       |       |       |    12 ||    12
 Stab: Sleeping          |     2 |     1 |     4 |     1 ||     8
       Paralysed         |       |       |       |    23 ||    23
       Held in net/web   |       |       |       |     1 ||     1
Armor: Robe              |    27 |    68 |   293 |    82 ||   470
       Plate armour      |       |       |       |   512 ||   512
Dodge: Dodged            |    87 |   190 |   420 |   248 ||   945
Block: Kite shield       |       |       |   171 |   339 ||   510
